 Dungeon Crawl Stone Soup version 0.19-a0-1007-g133f65f (webtiles) character file.

11613 Implojin the Grappler (level 11, -8/119 HPs)
             Began as a Troll Fighter on July 19, 2016.
             Was a High Priest of Okawaru.
             Mangled by a white ugly thing (30 damage)
             ... on level 14 of the Dungeon.
             The game lasted 00:16:59 (2079 turns).

Implojin the Grappler (Troll Fighter)               Turns: 2079, Time: 00:17:00

Health: -8/119     AC:  8    Str: 26    XL:     11   Next: 51%
Magic:  9/11       EV: 12    Int:  4    God:    Okawaru [*****.]
Gold:   109        SH: 11    Dex: 12    Spells: 0 memorised, 10 levels left

rFire  + . .     SeeInvis .       - Unarmed
rCold  . . .     Gourm    +     p - mottled dragon hide
rNeg   . . .     Faith    .     b - +0 shield
rPois  .         Spirit   .     (helmet restricted)
rElec  .         Dismiss  .     t - +1 cloak
rCorr  .         Reflect  .     (gloves unavailable)
SustAt .         Harm     .     (boots unavailable)
MR     .....                    (no amulet)
Stlth  ++........               (no ring)
                                e - ring of protection from fire

@: heroism, not resistant to hostile enchantments, unstealthy
A: unfitting armour, claws 3, fast metabolism 3, gourmand, regeneration 2,
shaggy fur 1, tough skin 2
a: Heroism, Finesse, Renounce Religion


You were on level 14 of the Dungeon.
You worshipped Okawaru.
Okawaru was extremely pleased with you.
You were very full.

You visited 1 branch of the dungeon, and saw 14 of its levels.

You collected 109 gold pieces.

Inventory:

Hand Weapons
 g - a +4 blowgun
Missiles
 h - 14 poisoned needles
 k - 6 large rocks (quivered)
Armour
 a - a +0 robe
 b - a +0 shield (worn)
 i - a +2 robe of the Archmagi
 p - a mottled dragon hide (worn)
 t - a +1 cloak (worn)
Jewellery
 e - a ring of protection from fire (left claw)
Wands
 u - a wand of iceblast (9/15)
Scrolls
 j - a scroll of enchant weapon {unknown}
 l - a scroll of teleportation {unknown}
 n - 2 scrolls of remove curse
 o - a scroll of vulnerability {unknown}
 q - a scroll of magic mapping {unknown}
 s - a scroll of noise {unknown}
 v - a scroll of random uselessness {unknown}
Potions
 f - a potion of resistance
Books
 m - a book of Geomancy

   Spells                             Type                      Level
   a - Sandblast                      Earth                        1
   b - Passwall                       Transmutation/Earth          2
   c - Stone Arrow                    Conjuration/Earth            3
   d - Petrify                        Transmutation/Earth          4
   e - Lee's Rapid Deconstruction     Earth                        5
Comestibles
 c - 3 chunks of flesh
 d - 3 bread rations


   Skills:
 * Level 10.8(15.8) Fighting
 - Level 2.4(7.4) Dodging
 - Level 2.4(7.4) Shields
 - Level 13.0(18.0) Unarmed Combat
 - Level 2.4 Invocations


You had 10 spell levels left.
You didn't know any spells.

Dungeon Overview and Level Annotations

Branches:
Dungeon (14/15)            Temple (0/1) D:6            Lair (0/6) D:10
    Orc: D:9-12      Vaults: D:13-14

Altars:
Nemelex Xobeh
Okawaru


Innate Abilities, Weirdness & Mutations

You are too large for most types of armour.
You have claws for hands.
Your metabolism is lightning-fast.
You like to eat raw meat.
You heal very quickly.
You are covered in fur. (AC +1)
You have very tough skin. (AC +2)


Message History

You feel like a meek peon again.
You closely miss the white ugly thing.
The white ugly thing is almost dead.
The white ugly thing tentacle-slaps you but does no damage.
You claw the white ugly thing!
You kill the white ugly thing!
Okawaru accepts your kill.
You eviscerate the slime creature!!!
The slime creature is heavily wounded.
You mangle the slime creature!!
The slime creature is almost dead.
The slime creature hits you!
You mangle the slime creature!!
You kill the slime creature!
Okawaru accepts your kill.
The giant frog hits you but does no damage.
You mangle the giant frog!!
You kill the giant frog!
Okawaru accepts your kill.
The orb spider pulsates with a strange energy.
You completely miss the white ugly thing.
The white ugly thing trunk-slaps you.
* * * LOW HITPOINT WARNING * * *
The white ugly thing freezes you!
* * * LOW HITPOINT WARNING * * *
Unknown command.
You gain the combat prowess of a mighty hero.
The white ugly thing trunk-slaps you!
* * * LOW HITPOINT WARNING * * *
The white ugly thing freezes you!!
* * * LOW HITPOINT WARNING * * *
Unknown command.
You claw the white ugly thing!
The white ugly thing is moderately wounded.
You mangle the white ugly thing!!
The white ugly thing is severely wounded.
The white ugly thing trunk-slaps you!
* * * LOW HITPOINT WARNING * * *
The white ugly thing freezes you!!
You die...

......p<.......
....#.###..###. . #
#..### ..# O.u..# ..
#s##.# .. #u##.#
###. ## # #.##.# #..
.. #.#u##.### #.# .#
#!sJu@.#.###.##.#
###.###.........#
...####.###.####
#####........#####.#
#.##.##........# #
#.##........##
#.###.####....
#........# .##
#####.##.##.#


You could see 2 ugly things, a slime creature and an orb spider shaped shifter.

Vanquished Creatures
  A centaur warrior (D:13)
  A tengu warrior (D:13)
  4 hill giants
  3 ugly things
  2 cyclopes
  Maurice (D:10)
  A gargoyle (D:12)
  2 kobold demonologists (D:10)
  A troll (D:12)
  3 slime creatures (D:14)
  A shadow (D:11)
  A wyvern (D:12)
  6 yaks
  A hippogriff (D:11)
  A mottled dragon (D:13)
  6 vampire mosquitoes
  An ice beast (D:11)
  An ogre (shapeshifter) (D:14)
  A phantom (D:8)
  4 centaurs
  A necrophage (D:11)
  An eye of draining (D:12)
  3 boggarts (D:14)
  5 big kobolds
  6 giant frogs
  3 giant frog zombies
  A wasp zombie (D:13)
  A quasit (D:10)
  3 hounds
  A giant frog skeleton (D:11)
  2 jellies
  A centaur skeleton (D:6)
  4 worker ants
  2 worker ant zombies
  A hound skeleton (D:6)
  A howler monkey zombie (D:8)
  4 gnolls
  2 adders
  A shadow imp (D:11)
  A worm (D:2)
  3 giant geckos
  6 orcs
  A giant cockroach (D:1)
  2 goblins
  4 hobgoblins
  9 jackals
  A quokka (D:10)
  A bat (D:2)
  9 kobolds
  2 rats
  A plant (D:10)
125 creatures vanquished.

Notes
Turn   | Place    | Note
-------+----------+-------------------------------------------
     0 | D:1      | Implojin the Troll Fighter began the quest for the Orb.
     0 | D:1      | Reached XP level 1. HP: 22/22 MP: 0/0
    32 | D:2      | Reached XP level 2. HP: 18/29 MP: 1/1
   102 | D:3      | Reached skill level 3 in Unarmed Combat
   261 | D:4      | Reached XP level 3. HP: 36/36 MP: 2/2
   287 | D:4      | Noticed an ogre
   305 | D:5      | Entered Level 5 of the Dungeon
   307 | D:5      | Reached skill level 4 in Unarmed Combat
   348 | D:6      | Reached XP level 4. HP: 44/44 MP: 3/3
   394 | D:5      | Found an iron altar of Okawaru.
   398 | D:5      | Became a worshipper of Warmaster Okawaru
   483 | D:6      | Found a staircase to the Ecumenical Temple.
   499 | D:6      | Reached skill level 5 in Unarmed Combat
   566 | D:7      | Reached XP level 5. HP: 48/50 MP: 4/4
   607 | D:8      | Noticed a phantom
   631 | D:8      | Killed a phantom
   631 | D:8      | Reached skill level 6 in Unarmed Combat
   631 | D:8      | Reached XP level 6. HP: 40/59 MP: 5/5
   636 | D:8      | Reached * piety under Okawaru
   719 | D:8      | Reached skill level 7 in Unarmed Combat
   859 | D:7      | Reached XP level 7. HP: 37/66 MP: 6/6
   879 | D:9      | Reached skill level 8 in Unarmed Combat
   888 | D:10     | Entered Level 10 of the Dungeon
   980 | D:10     | Found a staircase to the Lair.
   984 | D:10     | Noticed Maurice
   992 | D:10     | Killed Maurice
   992 | D:10     | Reached ** piety under Okawaru
   992 | D:10     | Reached skill level 9 in Unarmed Combat
  1021 | D:10     | Reached XP level 8. HP: 74/74 MP: 7/7
  1071 | D:11     | Noticed a kobold demonologist
  1071 | D:11     | Noticed a kobold demonologist
  1071 | D:11     | Noticed a hill giant
  1080 | D:10     | Noticed a sixfirhy
  1082 | D:10     | Killed a kobold demonologist
  1082 | D:10     | Reached skill level 10 in Unarmed Combat
  1178 | D:11     | Noticed a soul eater
  1182 | D:10     | Killed a hill giant
  1182 | D:10     | Reached *** piety under Okawaru
  1182 | D:10     | Reached skill level 11 in Unarmed Combat
  1184 | D:10     | Noticed an ice devil
  1185 | D:10     | Killed a kobold demonologist
  1185 | D:10     | Reached skill level 12 in Unarmed Combat
  1185 | D:10     | Reached XP level 9. HP: 63/80 MP: 6/8
  1297 | D:11     | Noticed a cyclops
  1313 | D:11     | Reached **** piety under Okawaru
  1313 | D:11     | Reached skill level 13 in Unarmed Combat
  1314 | D:11     | :oops
  1326 | D:11     | Reached skill level 1 in Invocations
  1329 | D:11     | Reached skill level 2 in Invocations
  1331 | D:11     | Reached skill level 3 in Fighting
  1340 | D:11     | HP: 4/81 [yak (8)]
  1365 | D:11     | Reached skill level 4 in Fighting
  1375 | D:11     | Killed a cyclops
  1375 | D:11     | Reached XP level 10. HP: 30/94 MP: 4/10
  1491 | D:12     | Noticed a hill giant
  1498 | D:12     | Killed a hill giant
  1498 | D:12     | Reached skill level 5 in Fighting
  1529 | D:13     | Noticed a tengu warrior
  1544 | D:13     | Killed a tengu warrior
  1544 | D:13     | Reached skill level 6 in Fighting
  1554 | D:12     | Reached ***** piety under Okawaru
  1588 | D:11     | Reached skill level 7 in Fighting
  1634 | D:12     | Noticed a gargoyle
  1638 | D:12     | Killed a gargoyle
  1669 | D:13     | Noticed a red ugly thing
  1682 | D:13     | Reached skill level 8 in Fighting
  1694 | D:13     | Killed a red ugly thing
  1729 | D:13     | Noticed a cyclops
  1800 | D:13     | Killed a cyclops
  1809 | D:13     | Noticed a centaur warrior
  1810 | D:13     | Noticed a hill giant
  1819 | D:13     | Killed a centaur warrior
  1819 | D:13     | Received a gift from Okawaru
  1819 | D:13     | Reached skill level 9 in Fighting
  1819 | D:13     | Reached XP level 11. HP: 37/115 MP: 8/11
  1823 | D:13     | Killed a hill giant
  1871 | D:14     | Noticed a white ugly thing
  1871 | D:14     | Noticed a white ugly thing
  1874 | D:14     | Noticed a white ugly thing
  1874 | D:14     | Noticed a white ugly thing
  1879 | D:13     | Killed a white ugly thing
  1889 | D:13     | Found a sparkling altar of Nemelex Xobeh.
  1929 | D:13     | Noticed a hill giant
  1940 | D:13     | Killed a hill giant
  1972 | D:13     | Reached skill level 10 in Fighting
  2055 | D:14     | Noticed an orb spider
  2055 | D:14     | a black bear changed into an orb spider
  2071 | D:14     | Killed a white ugly thing
  2079 | D:14     | Mangled by a white ugly thing

Vault maps used:
D:1:      dpeg_arrival_ratfight, minmay_pentomino_v4
D:2:      kb_forest_paths, serial_corexii_hall, corexii_hall_statues_x,
          corexii_hall_statues_i, corexii_hall_statues_l,
          corexii_hall_statues_i, corexii_hall_statues_i, serial_bayou_lagoon_a
D:3:      serial_glass, glass_columns_b, glass_columns_a, first_bread
D:4:      serial_forest, infiniplex_forest_lined_1,
          infiniplex_forest_clump_diagonal, infiniplex_forest_corner_2,
          infiniplex_forest_straight_3, infiniplex_forest_clump_cross,
          infiniplex_forest_clump_double, infiniplex_forest_straight_2,
          infiniplex_forest_clump_double, infiniplex_forest_clump_tiny,
          infiniplex_forest_lined_2, uniq_crazy_yiuf_cottage
D:5:      lemuel_ratsnest, overflow_temple_1_default, serial_shops,
          kennysheep_mini, glass_columns_b, kb_lookout_dungeons_type
D:6:      tgw_sif, nicolae_overflow_crystal_walls
D:7:      gammafunk_temple_overflow_elements
D:9:      kennysheep_blocky_hall, kennysheep_mini_moat, hangedman_fish_farm
D:10:     dpeg_oklobed_lair, uniq_maurice
D:11:     small_statue_intersection
D:12:     kennysheep_small_spiral
D:13:     basic_altar
D:14:     grunt_vaults_entry_tiered

Skill      XL: |  1  2  3  4  5  6  7  8  9 10 11 |
---------------+----------------------------------+-----
Unarmed Combat | 3 4 5 6 7 9 12 13 | 13.0
Invocations    | 2 |  2.4
Fighting       | 4 9 10 | 10.8
Dodging        | |  2.4
Shields        | |  2.4

Action                   |  1- 3 |  4- 6 |  7- 9 | 10-12 || total
-------------------------+-------+-------+-------+-------++-------
Melee: Unarmed           |    64 |    86 |    98 |   136 ||   384
Throw: Large rock        |       |       |       |     2 ||     2
Invok: Heroism           |       |     1 |    13 |    16 ||    30
  Use: Potion            |       |       |     5 |     3 ||     8
       Scroll            |       |       |     5 |     1 ||     6
 Stab: Distracted        |       |     1 |       |       ||     1
  Eat: Chunk             |     8 |     4 |     1 |    12 ||    25
Armor: Robe              |    16 |    16 |    27 |    16 ||    75
       Mottled dragon hi |       |       |       |     7 ||     7
Dodge: Dodged            |    20 |    24 |    50 |    37 ||   131
Block: Shield            |    38 |    30 |    58 |    50 ||   176

Table legend:
 A = Turns spent in this place as a percentage of turns spent in the entire game.
 B = Non-inter-level travel turns spent in this place as a percentage of non-inter-level travel turns spent in the entire game.
 C = Inter-level travel turns spent in this place as a percentage of turns spent in this place.
 D = Turns resting spent in this place as a percentage of non-inter-level travel turns spent in this place.
 E = Turns spent auto-exploring this place as a percentage of non-inter-level travel turns spent in this place.
 F = Non-inter-level travel turns spent in this place divided by the number of levels of this place that you've seen.
                   A       B       C       D       E      F
               +-------+-------+-------+-------+-------+----------------------
         Total | 100.0 | 100.0 |   0.0 |   0.2 |   0.0 | 147.9
       Dungeon | 100.0 | 100.0 |   0.0 |   0.2 |   0.0 | 147.9
               +-------+-------+-------+-------+-------+----------------------

Table legend:
 A = Kills in this place as a percentage of kills in entire the game.
 B = Kills by you in this place as a percentage of kills by you in the entire game.
 C = Kills by friends in this place as a percentage of kills by friends in the entire game.
 D = Other kills in this place as a percentage of other kills in the entire game.
 E = Experience gained in this place as a percentage of experience gained in the entire game.
 F = Experience gained in this place divided by the number of levels of this place that you have seen.
                   A       B       C       D       E      F
               +-------+-------+-------+-------+-------+----------------------
         Total | 100.0 | 100.0 |  -nan |  -nan | 100.0 | 1185.0
       Dungeon | 100.0 | 100.0 |  -nan |  -nan | 100.0 | 1185.0
               +-------+-------+-------+-------+-------+----------------------
